 Dungeon Crawl Stone Soup version 0.26.1-2-gb8aa6d0cf2 (webtiles) character file.

Game seed: 17505053446294057743

606 H0rd4k the Charlatan (level 7, -1/51 HPs)
             Began as a Human Artificer on Mar 29, 2021.
             Was an Initiate of Gozag.
             Slain by an iguana (7 damage)
             ... on level 7 of the Dungeon.
             The game lasted 00:11:57 (7848 turns).

H0rd4k the Charlatan (Human Artificer)              Turns: 7848, Time: 00:11:57

Health: -1/51      AC:  8    Str: 14    XL:     7   Next: 70%
Magic:  7/7        EV: 12    Int: 12    God:    Gozag
Gold:   152        SH:  0    Dex: 13    Spells: 6/6 levels left

rFire    . . .     SeeInvis .   y - +0 falchion
rCold    . . .     Faith    +   (no shield)
rNeg     + + .     Spirit   .   c - +2 leather armour {rN+}
rPois    .         Reflect  .   (no helmet)
rElec    .         Harm     .   (no cloak)
rCorr    .         Rampage  .   (no gloves)
Will     .....                  e - -2 pair of boots (curse)
Stlth    ++........             p - amulet of faith
HPRegen  0.17/turn              r - ring of positive energy
MPRegen  0.10/turn              s - +4 ring of protection (curse)

@: no status effects
A: no striking features
a: Renounce Religion, Potion Petition, Call Merchant, Bribe Branch


You were on level 7 of the Dungeon.
You worshipped Gozag.
Gozag was aware of your devotion.
You visited 2 branches of the dungeon, and saw 8 of its levels.
You also visited: Bailey.

You collected 255 gold pieces.
You paid 103 gold pieces to Gozag.

Inventory:

Hand Weapons
 h - a +0 short sword
 y - a +0 falchion (weapon)
 A - a +0 hand axe
Missiles
 x - a boomerang of dispersal
Armour
 b - a +0 leather armour
 c - a +2 leather armour of positive energy (worn)
 e - a cursed -2 pair of boots (worn)
 v - a +0 pair of boots
Jewellery
 d - a +6 ring of dexterity
 g - an uncursed ring of magical power
 p - an amulet of faith (around neck)
 r - a ring of positive energy (left hand)
 s - a cursed +4 ring of protection (right hand)
Scrolls
 a - a scroll of teleportation
 j - a scroll of fear
 k - a scroll of amnesia
Potions
 f - 2 potions of lignification
 i - 6 potions of curing {unknown}
 l - a potion of might {unknown}
 m - 3 potions of attraction {unknown}
 n - a potion of cancellation {unknown}
 o - a potion of berserk rage {unknown}
 q - a potion of haste {unknown}
 t - a potion of heal wounds {unknown}
 u - a potion of resistance {unknown}
 w - a potion of brilliance {unknown}
 z - a potion of degeneration {unknown}


   Skills:
 + Level 2.6 Fighting
 + Level 3.2(3.6) Short Blades
 + Level 2.4(3.2) Long Blades
 + Level 3.6 Armour
 + Level 2.8 Dodging
 + Level 2.1 Stealth
 + Level 4.4 Evocations


You had 6 spell levels left.
You didn't know any spells.
Your spell library was empty.

Dungeon Overview and Level Annotations

Branches:
Dungeon (7/15)             Temple (1/1) D:5          Bailey (visited)

Altars:
Ashenzari
Dithmenos
Gozag
Kikubaaqudgha
Makhleb
Nemelex Xobeh
Okawaru
Qazlal
Sif Muna
Uskayaw
Wu Jian
Yredelemnul
Zin

Annotations:
D:4 exclusion: ogre
D:5 exclusion: downstairs, Prince Ribbit
D:7 exclusion: upstairs


Message History

The orc wizard seems to speed up.
You closely miss the scorpion. The scorpion stings you.
* * * LOW HITPOINT WARNING * * *
You aren't carrying any items that you can evoke.
As you read the scroll of fear, it crumbles to dust.
You assume a fearsome visage.
The scorpion looks frightened!
The orc wizard looks frightened!
The orc looks frightened!
The orc shouts!
The orc wizard gestures at itself while chanting.
The orc wizard flickers and vanishes!
Deactivating autopickup; reactivate with Ctrl-A.
The jelly quivers.
You see here 4 gold pieces.
There is a stone staircase leading down here.
You climb downwards.
Level annotation: exclusion: upstairs Reactivating autopickup.
The iguana bites you!
You die...
Your body crumbles into a pile of gold.

####
...###########
#.l....[.....
#.....?....#
#..#.#.....#
#....@.....#
#...l......#
#..........#
#.......[....
#..........#.
#..###.....#
#.! ....... $
#.. #....##
#.. #####


You could see an iguana and a leopard gecko.

Vanquished Creatures
  A bullfrog (D:6)
  A scorpion (D:4)
  3 orc wizards
  A centaur skeleton (D:6)
  A bullfrog skeleton (D:4)
  An iguana (D:4)
  6 adders
  6 gnolls (D:3)
  A white imp (D:4)
  An ooze (D:1)
  3 dart slugs
  7 leopard geckos
  10 orcs
  4 ball pythons
  2 giant cockroaches
  7 hobgoblins
  7 jackals
  9 bats
  3 frilled lizards
  13 goblins
  13 kobolds
  A kobold skeleton (D:5)
  17 rats
118 creatures vanquished.

Vanquished Creatures (collateral kills)
  An orc priest (D:4)
  A worker ant (D:5)
  A gnoll (D:3)
  An adder (D:3)
  A shadow imp (D:5)
  An orc (D:3)
  A hobgoblin (D:3)
  A quokka (D:3)
  3 goblin zombies (D:5)
  2 hobgoblin zombies (D:5)
  A kobold skeleton (D:5)
  2 kobold zombies (D:5)
  3 orc zombies (D:5)
  A rat (D:3)
20 creatures vanquished.

Vanquished Creatures (others)
  A bullfrog (D:6)
  An orc wizard (D:3)
  An adder (D:3)
  A ball python (D:3)
  A fungus (D:6)
  4 plants (D:6)
9 creatures vanquished.

Grand Total: 147 creatures vanquished

Notes
Turn   | Place    | Note
-------+----------+-------------------------------------------
     0 | D:1      | H0rd4k the Human Artificer began the quest for the Orb.
     0 | D:1      | Reached XP level 1. HP: 15/15 MP: 1/1
   239 | D:1      | Reached XP level 2. HP: 15/21 MP: 2/2
   703 | D:1      | Reached XP level 3. HP: 21/26 MP: 3/3
   705 | D:1      | Reached skill level 1 in Short Blades
  1865 | D:2      | Reached XP level 4. HP: 28/32 MP: 4/4
  2913 | D:3      | Found a shimmering blue altar of Sif Muna.
  3103 | D:3      | Reached XP level 5. HP: 33/37 MP: 5/5
  3969 | D:3      | Reached XP level 6. HP: 31/44 MP: 6/6
  4137 | D:3      | Found a stormy altar of Qazlal.
  4491 | D:3      | Reached skill level 4 in Evocations
  5219 | D:4      | Noticed an ogre
  5252 | D:4      | You fall into a shaft and drop 2 floors!
  5270 | D:6      | Noticed an ice beast
  5272 | D:5      | Entered Level 5 of the Dungeon
  5272 | D:5      | Noticed a sky beast
  5294 | D:5      | Reached skill level 1 in Long Blades
  5550 | D:4      | Reached XP level 7. HP: 41/50 MP: 7/7
  6437 | D:5      | Found a staircase to the Ecumenical Temple.
  6443 | Temple   | Entered the Ecumenical Temple
  6746 | Temple   | Became a worshipper of Gozag Ym Sagoz the Greedy
  6773 | D:5      | Noticed Prince Ribbit
  7356 | D:7      | Noticed a two-headed ogre
  7367 | D:7      | Noticed a +0 hand axe
  7368 | D:7      | Noticed a +0 hand axe
  7411 | D:7      | Found a flagged portal.
  7447 | Bailey   | Entered a bailey
  7820 | D:7      | Found a hide-covered altar of Uskayaw.
  7848 | D:7      | Slain by an iguana

Illustrated notes

Levels and vault maps discovered:
D:1:      heliophobic_arrival_battle_scene, layout_rooms, st_stairs_7,
          minmay_fountain_box
D:2:      layout_loops_cross
D:3:      layout_basic, general_overflow_altar, serial_park_tiny_pond,
          chequers_serial_rivers_micro_e, minmay_misc_feat_tiny, led_sif_book
D:4:      layout_rooms
D:5:      layout_cave_pools, grunt_temple_overflow_open,
          minmay_temple_entry_water_ring, chequers_serial_rivers_micro_e,
          nicolae_tso_besieged_by_evil, uniq_blork_the_orc,
          uniq_crazy_yiuf_cottage, uniq_prince_ribbit1, uniq_grinder
D:6:      layout_basic, nicolae_ru_the_path_less_chosen,
          nicolae_overflow_crystal_walls, portal_sewer_entry_f
D:7:      layout_basic, old_standard_altar, dancing_weapons_uskayaw,
          enter_bailey_3, st_stairs_14, hangedman_minor_gate_pass
Temple:   zaba_magenta_temple

Skill      XL: |  1  2  3  4  5  6  7 |
---------------+----------------------+-----
Short Blades   | 1 2 3 |  3.2
Dodging        | 2 |  2.8
Fighting       | 2 |  2.6
Armour         | 3 |  3.6
Evocations     | 4 |  4.4
Long Blades    | 1 2 |  2.4
Stealth        | 2 |  2.1

Action                   |  1- 3 |  4- 6 |  7- 9 || total
-------------------------+-------+-------+-------++-------
Melee: Short sword       |   150 |   186 |       ||   336
       Club              |     3 |       |       ||     3
       Falchion          |       |    86 |   154 ||   240
Evoke: Wand              |       |    39 |     6 ||    45
  Use: Scroll            |       |     6 |     5 ||    11
 Stab: Distracted        |       |     1 |     1 ||     2
       Sleeping          |       |     1 |       ||     1
Armor: Leather armour    |    50 |    93 |    76 ||   219
Dodge: Dodged            |    89 |   209 |   156 ||   454
       Rpst.: Falchion   |       |    27 |    32 ||    59
